 Dungeon Sprint DCSS version 0.27-a0-1188-g73eefd5def (webtiles) character file.

Game seed: 4532557256099117938

114 mhtbhm the Geomancer (level 4, 0/24 HPs)
             Began as a Deep Elf Earth Elementalist on May 21, 2021.
             Was a Follower of Vehumet.
             Slain by a scorpion (5 damage)
             ... while paralysed by a floating eye
             ... in the Dungeon (Sprint VII: "The Pits").
             The game lasted 00:00:48 (300 turns).

mhtbhm the Geomancer (Deep Elf Earth Elementalist)   Turns: 300, Time: 00:00:49

Health: 0/24       AC:  2    Str:  5    XL:     4   Next: 66%
Magic:  11/15      EV:  2    Int: 21    God:    Vehumet [*.....]
Gold:   0          SH:  0    Dex: 15    Spells: 12/17 levels left

rFire    . . .     SeeInvis .   l - +2 trident
rCold    . . .     Faith    .   (no shield)
rNeg     . . .     Spirit   .   c - +0 robe
rPois    .         Reflect  .   (no helmet)
rElec    .         Harm     .   (no cloak)
rCorr    .         Rampage  .   (no gloves)
Will     .....     NoTele   +   (no boots)
Stlth    +++.......             (no amulet)
HPRegen  0.08/turn              (no ring)
MPRegen  0.14/turn              (no ring)

@: paralysed, lethally poisoned (0 -> -8), very slightly contaminated
A: no striking features
a: Renounce Religion


You were in the Dungeon.
You worshipped Vehumet.
Vehumet was aware of your devotion.
You visited 1 branch

Inventory:

Hand Weapons
 l - a +2 trident (weapon)
Missiles
 b - 30 stones
Armour
 c - a +0 robe (worn)
Scrolls
 i - a scroll of blinking
 j - 5 scrolls of amnesia
 k - a scroll of summoning
Potions
 a - 2 potions of invisibility
 d - a potion of curing
 e - a potion of heal wounds
 f - a potion of haste
 g - 4 potions of magic
 h - 3 potions of berserk rage


   Skills:
 + Level 4.1 Dodging
 + Level 4.1 Stealth
 + Level 7.1 Spellcasting
 + Level 1.1 Transmutations
 + Level 8.2 Earth Magic


You had 12 spell levels left.
You knew the following spells:

 Your Spells              Type           Power      Damage    Failure   Level
a - Sandblast             Erth           84%        2d18      1%          1
b - Magic Dart            Conj           28%        1d4       9%          1
c - Stone Arrow           Conj/Erth      48%        3d10      4%          3

Your spell library contained the following spells:

 Spells                   Type           Power      Damage    Failure   Level
 Passwall                 Tmut/Erth      22%        N/A       1%          2
 Lee's Rapid Deconstruct  Erth           21%        3d13*     9%          5
 Petrify                  Tmut/Erth      27%        N/A       13%         4


Dungeon Overview and Level Annotations

Branches:
Dungeon (1/1)

Altars:
Ashenzari
Cheibriados
Dithmenos
Elyvilon
Fedhas
Gozag
Hepliaklqana
Kikubaaqudgha
Makhleb
Nemelex Xobeh
Okawaru
Qazlal
Ru
Sif Muna
Trog
Uskayaw
Vehumet
Wu Jian
Xom
Yredelemnul
Zin
The Shining One
Beogh
Jiyva
Lugonu


Message History

You close the door.
You start resting.
Magic restored.
You start waiting.
Done waiting.
This spell is quite dangerous to cast!
Memorise Stone Arrow, consuming 3 spell levels and leaving 12?
You start memorising the spell.
You continue memorising. x3
You finish memorising.
Spell assigned to 'c'.
Unknown command.
As you open the door, it creaks loudly!
The floating eye turns its gaze towards you.
Casting: Sandblast (safe; 1% risk of failure)
Confirm with . or Enter, or press ? or * to list all spells.
Aiming: Sandblast (safe; 1% risk of failure)
Press: ? - help, Shift-Dir - straight line, f - scorpion
Aim: a scorpion (83% to hit)
The blast of sand hits the scorpion but does no damage.
The floating eye's view fixates on you. The scorpion stings you.
Unknown command.
Casting: Sandblast (safe; 1% risk of failure)
Confirm with . or Enter, or press ? or * to list all spells.
The spell is quite dangerous to cast (4% risk of failure)!
Continue anyway?
Aiming: Stone Arrow (quite dangerous; 4% risk of failure)
Press: ? - help, Shift-Dir - straight line, f/p - scorpion
Aim: a scorpion (71% to hit)
You miscast Stone Arrow.
You are very lightly contaminated with residual magic.
Nothing appears to happen.
The floating eye gazes piercingly through you!
You suddenly lose the ability to move!
The scorpion stings you.
You are lethally poisoned!
The scorpion poisons you!
You feel very sick. The scorpion stings you.
* * * LOW HITPOINT WARNING * * *
You feel very sick. The scorpion stings you.
You die...

##########'##...........
#.?..')))'.##......#..#
##########.##..........
#..........†'...........
#+#####'#####......#..#.
#.....##...........
#####†#####'#####+
#...†.##.......#
#.@...##.......#
###s####.......# ..G..
#...<...#
J.G....##.......#
#........##.......#
###########.......#
#########


You could see a scorpion and a floating eye.

Vanquished Creatures
  A floating eye (D)
  An ufetubus (D)
  A ball python (D)
  3 jackals (D)
  A frilled lizard (D)
  A rat (D)
8 creatures vanquished.

Notes
Turn   | Place    | Note
-------+----------+-------------------------------------------
     0 | D        | mhtbhm the Deep Elf Earth Elementalist began the quest for
                  | the Orb.
     0 | D        | Reached XP level 1. HP: 10/10 MP: 6/6
    11 | D        | Reached skill level 4 in Earth Magic
    17 | D        | Found a bloodstained altar of Trog.
    17 | D        | Found a shimmering blue altar of Sif Muna.
    17 | D        | Found a viscous altar of Jiyva.
    17 | D        | Found a hazy altar of Hepliaklqana.
    17 | D        | Found an opulent altar of Gozag.
    18 | D        | Found a glowing golden altar of the Shining One.
    18 | D        | Found a glowing silver altar of Zin.
    18 | D        | Found a basalt altar of Yredelemnul.
    18 | D        | Found a shimmering altar of Xom.
    18 | D        | Found an ornate altar of the Wu Jian Council.
    18 | D        | Found a sacrificial altar of Ru.
    18 | D        | Found a stormy altar of Qazlal.
    18 | D        | Found an iron altar of Okawaru.
    18 | D        | Found a sparkling altar of Nemelex Xobeh.
    18 | D        | Found a burning altar of Makhleb.
    18 | D        | Found a blossoming altar of Fedhas.
    18 | D        | Found a white marble altar of Elyvilon.
    18 | D        | Found a shadowy altar of Dithmenos.
    18 | D        | Found a snail-covered altar of Cheibriados.
    20 | D        | Found a radiant altar of Vehumet.
    20 | D        | Found a corrupted altar of Lugonu.
    21 | D        | Found a hide-covered altar of Uskayaw.
    21 | D        | Found an ancient bone altar of Kikubaaqudgha.
    21 | D        | Found a broken altar of Ashenzari.
    28 | D        | Became a worshipper of Vehumet
    72 | D        | Reached skill level 5 in Earth Magic
    72 | D        | Reached XP level 2. HP: 15/15 MP: 5/8
   112 | D        | Reached * piety under Vehumet
   112 | D        | Offered knowledge of Magic Dart by Vehumet.
   133 | D        | Learned a level 1 spell: Magic Dart
   136 | D        | Noticed a floating eye
   137 | D        | Noticed a floating eye
   138 | D        | Noticed a scorpion
   141 | D        | Killed a floating eye
   142 | D        | Reached skill level 8 in Earth Magic
   142 | D        | Reached XP level 3. HP: 19/19 MP: 7/13
   142 | D        | Reached XP level 4. HP: 24/24 MP: 8/15
   295 | D        | Learned a level 3 spell: Stone Arrow
   298 | D        | Paralysed by a floating eye for 3 turns
   300 | D        | Slain by a scorpion

Illustrated notes

Levels and vault maps discovered:
D:        pitsprint [storerooms_1, entrance_room_1, metal_vault_3, armoury_3,
          mini_pit_1, grid_room_1, main_hall_1, silver_pit, the_coven_2,
          the_vestibule_1, steel_vault_1, golden_pit, hallway_of_sentries,
          crystal_vault_6, iron_vault_2, final_vault]

Skill      XL: |  1  2 |
---------------+-------+-----
Earth Magic    | 5 8 |  8.2
Dodging        | 4 |  4.1
Stealth        | 4 |  4.1
Spellcasting   | 7 |  7.1
Transmutations | |  1.1

Action                   |  1- 3 |  4- 6 || total
-------------------------+-------+-------++-------
 Cast: Sandblast         |     9 |     1 ||    10

Table legend: (Time is in decaauts)
 A = Elapsed time spent in this place.
 B = Non-inter-level travel time spent in this place.
 C = Inter-level travel time spent in this place.
 D = Time resting spent in this place.
 E = Time spent auto-exploring this place.
 F = Levels seen in this place.
 G = Mean time per level.
                   A        B        C        D        E       F      G
               +--------+--------+--------+--------+--------+-----+--------+
         Total |    299 |    299 |      0 |    196 |      0 |   1 |  299.0 |
       Dungeon |    299 |    299 |      0 |    196 |      0 |   1 |  299.0 |
               +--------+--------+--------+--------+--------+-----+--------+

Top non-repeatable levels by time:
       D: 299 daAuts
